 Dungeon Crawl Stone Soup version 0.20.1-1-g8b1a95d (webtiles) character file.

6164 robba the Shield-Bearer (level 11, -9/83 HPs)
             Began as a Human Fighter on Aug 22, 2017.
             Was a Priest of Ashenzari.
             Killed from afar by an electric eel (13 damage)
             ... with a bolt of electricity
             ... on level 9 of the Dungeon.
             The game lasted 01:36:00 (10088 turns).

robba the Shield-Bearer (Human Fighter)            Turns: 10088, Time: 01:36:01

Health: -9/83      AC: 10    Str: 23    XL:     11   Next: 13%
Magic:  13/13      EV: 11    Int: 10    God:    Ashenzari [***...]
Gold:   478        SH: 11    Dex: 14    Spells: 10/10 levels left

rFire    . . .     SeeInvis +   K - +4 rapier (drain)
rCold    . . .     Gourm    .   c - +0 shield
rNeg     . . .     Faith    .   b - +0 scale mail (curse)
rPois    +         Spirit   .   C - +0 helmet
rElec    .         Reflect  .   (no cloak)
rCorr    .         Harm     .   q - +0 pair of gloves
MR       .....                  (no boots)
Stlth    ..........             (no amulet)
Regen    0.3/turn               v - +6 ring of strength
MPRegen  0.2/turn               o - ring of poison resistance (curse)

@: no status effects
A: no striking features
a: Curse Item, Scrying, Renounce Religion


You were on level 9 of the Dungeon.
You worshipped Ashenzari.
Ashenzari was most pleased with you.
You were not hungry.

You visited 2 branches of the dungeon, and saw 10 of its levels.

You collected 478 gold pieces.

Inventory:

Hand Weapons
 t - a +0 shortbow
 A - a +1 war axe of flaming
 K - a +4 rapier of draining (weapon)
Missiles
 l - 4 needles of paralysis
 p - a curare-tipped needle
 B - 23 poisoned needles
Armour
 b - a cursed +0 scale mail (worn)
 c - a +0 shield (worn)
 i - a +2 scale mail of magic resistance
 q - a +0 pair of gloves (worn)
 C - a +0 helmet (worn)
Jewellery
 o - a cursed ring of poison resistance (right hand)
 s - an uncursed ring of see invisible
 u - an uncursed ring of poison resistance
 v - a +6 ring of strength (left hand)
 F - a +3 ring of protection
 I - an uncursed ring of flight
Wands
 k - a wand of flame (0/48)
 n - a wand of flame (0/48)
 D - a wand of iceblast (0/15)
 E - a wand of flame (0/48) (quivered)
 J - a wand of iceblast (0/15)
 L - a wand of flame (0/48)
 O - a wand of iceblast (3/15)
Scrolls
 a - a scroll of enchant armour
 w - a scroll of remove curse
 x - 3 scrolls of teleportation
 y - a scroll of fear
 z - a scroll of fog
 S - a scroll of immolation {unknown}
Potions
 e - 2 potions of brilliance
 j - a potion of might
 r - a potion of agility
 G - 2 potions of magic {unknown}
 H - 3 potions of mutation {unknown}
 N - a potion of curing {unknown}
 P - a potion of flight {unknown}
 Q - a potion of haste {unknown}
Comestibles
 d - a fruit
 f - 3 bread rations
 g - 3 meat rations
 h - 3 royal jellies


   Skills:
 + Level 6.5 Fighting
 + Level 5.5(6.2) Short Blades
   Level 4.2(5.5) Long Blades
 + Level 6.9 Axes
 + Level 0.6 Throwing
 + Level 6.9 Armour
 + Level 4.4 Dodging
 + Level 1.0 Stealth
 + Level 7.7 Shields
 + Level 3.8 Evocations


You had 10 spell levels left.
You didn't know any spells.

Dungeon Overview and Level Annotations

Branches:
Dungeon (9/15)             Temple (1/1) D:6
   Lair: D:8-11         Orc: D:9-12

Altars:
Ashenzari
Nemelex Xobeh
Qazlal
Sif Muna
Uskayaw
Xom
The Shining One

Shops:
D:4 [   D:5 %


Message History

You hit the electric eel.
The electric eel is severely wounded.
You closely miss the electric eel.
The electric eel is severely wounded.
The electric eel shoots out a bolt of lightning at you!
The bolt of electricity misses you.
The bolt of electricity hits the plant. x2
The bolt of electricity hits you!
* * * LOW HITPOINT WARNING * * *
Your shield and scale mail prevent you from hitting the electric eel.
The electric eel is severely wounded.
The electric eel shoots out a bolt of lightning at you!
The bolt of electricity hits you!
* * * LOW HITPOINT WARNING * * *
The bolt of electricity hits the plant. x2; The bolt of electricity hits you!
* * * LOW HITPOINT WARNING * * *
You barely miss the electric eel.
The electric eel is severely wounded.
The electric eel shoots out a bolt of lightning at you!
The bolt of electricity hits you!
You die...

..........##.........##
......................#
#####################.# ≈≈###
###≈.P.P## #.# ≈≈≈≈##
##≈≈≈≈....###.#
≈≈≈#.####.#≈≈≈≈..P.##.#
#####....######≈.(PP#.# {
#....# #≈≈≈≈....#.# ≈ #....#
#≈≈≈≈@...#.# ≈ #....#
####;≈PP.#.# ≈
##''##*≈≈≈≈≈≈≈.P#.# ≈
#..#*≈≈≈≈≈≈≈...#.#######
*###'#####≈≈≈≈.P.##.......#
###.....≈≈##≈≈≈P..##..†....#
##≈≈......≈.###≈...P#.......#
#≈≈..)....≈≈..###≈..#.......#
.≈.#......#≈≈P #.......#


You could see an electric eel.

Vanquished Creatures
  A two-headed ogre (D:8)
  A troll (D:9)
  3 hippogriffs
  2 wyverns
  3 yaks (D:9)
  Duvessa (D:7)
  A water moccasin (D:5)
  A phantom (D:5)
  2 ice beasts
  2 orc warriors
  A sky beast (D:8)
  An ogre (D:5)
  A necrophage (D:7)
  8 centaurs
  3 bullfrogs
  Dowan (D:7)
  4 scorpions
  6 killer bees (D:8)
  5 wights (D:7)
  2 electric eels (D:7)
  3 howler monkeys
  A centaur zombie (D:7)
  6 crimson imps
  3 hounds
  4 orc priests
  A centaur skeleton (D:5)
  8 orc wizards
  3 bullfrog skeletons
  An iguana (D:4)
  Natasha (thrice) (D:4)
  6 worker ants
  A killer bee zombie (D:7)
  10 gnolls
  2 howler monkey skeletons
  9 adders
  A shadow imp (D:6)
  An ooze (D:4)
  An adder skeleton (D:4)
  2 adder zombies (D:7)
  A worm (D:5)
  2 dart slugs
  5 leopard geckos
  32 orcs
  8 giant cockroaches
  6 goblins
  4 hobgoblins
  8 jackals (D:3)
  6 quokkas
  A ball python (D:4)
  6 bats
  3 frilled lizards
  A jackal skeleton (D:4)
  7 kobolds
  A leopard gecko skeleton (D:5)
  A leopard gecko zombie (D:7)
  5 rats
  A plant (D:1)
213 creatures vanquished.

Vanquished Creatures (others)
  A shadow imp (D:7)
  2 jackals (D:5)
3 creatures vanquished.

Grand Total: 216 creatures vanquished

Notes
Turn   | Place    | Note
-------+----------+-------------------------------------------
     0 | D:1      | robba the Human Fighter began the quest for the Orb.
     0 | D:1      | Reached XP level 1. HP: 18/18 MP: 1/1
    66 | D:1      | Reached XP level 2. HP: 21/24 MP: 2/2
   714 | D:2      | Reached XP level 3. HP: 12/29 MP: 3/3
   724 | D:2      | Reached XP level 4. HP: 14/35 MP: 4/4
  1237 | D:2      | Found a faded altar of an unknown god.
  1254 | D:2      | Became a worshipper of Ashenzari the Shackled
  1254 | D:2      | Reached * piety under Ashenzari
  1582 | D:3      | Reached XP level 5. HP: 21/41 MP: 5/5
  1594 | D:3      | Reached skill level 4 in Shields
  1713 | D:3      | Reached skill level 1 in Dodging
  1713 | D:3      | Reached XP level 6. HP: 19/48 MP: 6/6
  3166 | D:4      | Reached XP level 7. HP: 50/53 MP: 7/7
  3323 | D:4      | Found Rudgh's Antique Armour Shop.
  3524 | D:4      | Noticed Natasha
  3526 | D:4      | Killed Natasha
  3629 | D:4      | Noticed Natasha
  3631 | D:4      | Killed Natasha
  3650 | D:4      | Noticed Natasha
  3660 | D:4      | Killed Natasha
  3679 | D:4      | Found a deep blue altar of Sif Muna.
  3733 | D:5      | Entered Level 5 of the Dungeon
  3733 | D:5      | Found Xabiurphadu's Food Boutique.
  3751 | D:5      | Reached skill level 1 in Axes
  3752 | D:5      | Noticed a water moccasin
  3763 | D:5      | Killed a water moccasin
  3763 | D:5      | Reached skill level 5 in Shields
  3785 | D:5      | Found a shattered altar of Ashenzari.
  3931 | D:5      | Reached XP level 8. HP: 48/60 MP: 8/8
  4494 | D:5      | Reached ** piety under Ashenzari
  4671 | D:5      | Reached skill level 5 in Armour
  4954 | D:6      | Reached skill level 5 in Axes
  4960 | D:6      | Reached XP level 9. HP: 37/66 MP: 9/9
  5147 | D:6      | Found a hide-covered altar of Uskayaw.
  5154 | D:6      | Found a shimmering altar of Xom.
  5260 | D:6      | Found a staircase to the Ecumenical Temple.
  5294 | Temple   | Entered the Ecumenical Temple
  5590 | D:6      | Reached skill level 5 in Fighting
  5779 | D:6      | Found a stormy altar of Qazlal.
  6021 | D:7      | Noticed Duvessa
  6022 | D:7      | Noticed Dowan
  6059 | D:7      | Killed Duvessa
  6080 | D:7      | Killed Dowan
  6189 | D:7      | Reached skill level 6 in Shields
  6288 | D:7      | Found a transporter.
  6401 | D:7      | Found a glowing golden altar of the Shining One.
  6592 | D:7      | Reached skill level 1 in Short Blades
  6727 | D:7      | Found a transporter.
  6807 | D:7      | Reached XP level 10. HP: 28/74 MP: 10/10
  8002 | D:8      | Reached skill level 1 in Evocations
  8676 | D:8      | Noticed a two-headed ogre
  8688 | D:8      | Killed a two-headed ogre
  8688 | D:8      | Reached skill level 7 in Shields
  8744 | D:8      | Found a sparkling altar of Nemelex Xobeh.
  9666 | D:9      | Reached skill level 5 in Short Blades
  9669 | D:9      | Reached XP level 11. HP: 57/83 MP: 13/13
  9738 | D:9      | Reached skill level 1 in Stealth
  9745 | D:9      | Reached *** piety under Ashenzari
 10087 | D:9      | HP: 4/83 [electric eel/bolt of electricity (8)]
 10088 | D:9      | Killed from afar by an electric eel

Skill      XL: |  1  2  3  4  5  6  7  8  9 10 11 |
---------------+----------------------------------+-----
Long Blades    | 3 4 |  4.2
Shields        | 4 5 6 7 |  7.7
Dodging        | 1 2 3 4 |  4.4
Armour         | 4 5 6 |  6.9
Fighting       | 4 5 6 |  6.5
Axes           | 3 5 6 |  6.9
Short Blades   | 2 5 |  5.5
Evocations     | 3 |  3.8
Stealth        | 1 |  1.0
Throwing       | |  0.6

Action                   |  1- 3 |  4- 6 |  7- 9 | 10-12 || total
-------------------------+-------+-------+-------+-------++-------
Melee: Long sword        |    86 |   198 |     4 |       ||   288
       Short sword       |       |   114 |       |       ||   114
       Broad axe         |       |       |    78 |       ||    78
       War axe           |       |       |   139 |       ||   139
       Rapier            |       |       |   112 |   212 ||   324
       Great sword       |       |       |     5 |       ||     5
Throw: Stone             |     5 |       |     6 |       ||    11
Invok: Curse Item        |       |     2 |       |       ||     2
Evoke: Wand              |       |       |     9 |    54 ||    63
  Use: Scroll            |     4 |     4 |     4 |     3 ||    15
       Potion            |     1 |     3 |     1 |     1 ||     6
  Eat: Bread ration      |       |     2 |     1 |     2 ||     5
       Chunk             |       |     2 |     1 |     1 ||     4
       Meat ration       |       |       |     1 |       ||     1
Armor: Scale mail        |    26 |   163 |   148 |   102 ||   439
Dodge: Dodged            |    16 |   112 |   143 |    95 ||   366
Block: Shield            |    38 |   179 |   173 |   144 ||   534
       Rpst.: Long sword |     5 |    20 |     1 |       ||    26
       Great sword       |       |       |     2 |       ||     2
